Map: [ESL] Data-C

Players

Rex

  • Race: Zerg Zerg
  • League: Master
  • Spawn Location: 3:00

Classic - Winner!

  • Race: Protoss Protoss
  • Spawn Location: 9:00

Event: TSL 9

VOD

Have the link to the VOD?

Description

Time

  • Played on: Aug. 6, 2022, 9:11 a.m.
  • Length: 15:37

All games in this series

Show
View Real Time Build Order
Export as new Build Order

Rex Zerg 

Build Orders: Hatch First 

Get SALT Encoding   

  12  0:00  Drone  
  13  0:12  Overlord  
  13  0:17  Drone  
  14  0:30  Drone x2  
  16  0:49  Hatchery  
  15  0:52  Drone  
  15  0:56  Drone  
  17  0:59  Drone  
  18  1:10  Extractor  
  17  1:14  Spawning Pool  
  17  1:17  Drone  
  17  1:21  Drone  
  18  1:27  Drone  
  19  1:39  Drone  
  20  1:51  Overlord  
  20  2:01  Queen x2  
  20  2:02  Zergling x4  
  26  2:10  Metabolic Boost  
  26  2:12  Drone  
  26  2:14  Drone  
  28  2:21  Drone  
  28  2:22  Drone  
  30  2:36  Hatchery  
  29  2:39  Drone  
  29  2:41  Drone  
  31  2:50  Queen  
  33  2:52  Overlord  
  33  2:55  Drone  
  33  2:58  Drone  
  35  2:59  Drone  
  35  3:04  Overlord  
  36  3:10  Queen  
  38  3:14  Drone x2  
  38  3:17  Drone x2  
  42  3:24  Drone x2  
  44  3:28  Queen  
  44  3:29  Drone  
  47  3:42  Drone x5  
  47  3:45  Spore Crawler  
  47  3:47  Drone  
  52  3:51  Queen  
  52  3:52  Queen  
  56  3:57  Evolution Chamber  
  56  3:59  Overlord  
  56  4:00  Drone  
  56  4:03  Drone  
  57  4:15  Overlord  
  57  4:16  Queen, Overlord  
  57  4:18  Drone x3  
  57  4:24  Drone x3  
  60  4:25  Drone  
  60  4:27  Drone  
  60  4:28  Drone  
  64  4:35  Zerg Melee Weapons Level 1  
  64  4:36  Drone x3  
  67  4:41  Drone x3  
  67  4:42  Drone  
  67  4:43  Drone  
  67  4:45  Drone  
  73  4:46  Drone  
  73  4:50  Drone x3  
  77  4:53  Drone  
  77  4:57  Overlord  
  78  5:02  Zergling x8  
  82  5:09  Hatchery  
  81  5:15  Overlord  
  81  5:16  Overlord  
  81  5:17  Overlord  
  81  5:18  Lair  
  80  5:21  Drone  
  80  5:22  Drone x4  
  80  5:23  Zergling x2, Extractor  
  80  5:24  Zergling x2, Extractor  
  85  5:29  Zergling x6  
  85  5:32  Baneling Nest, Drone x2  
  85  5:33  Zergling x2  
  90  5:38  Zergling x2  
  90  5:39  Zergling x4  
  90  5:41  Zergling x8  
  97  5:48  Zergling x4  
  99  5:52  Hatchery  
  99  5:54  Zergling x10  
  103  6:02  Zergling x2  
  103  6:07  Zergling x4  
  103  6:09  Drone x4  
  105  6:19  Zergling x12  
  105  6:23  Hatchery, Overlord  
  108  6:32  Zergling x8  
  112  6:36  Zerg Melee Weapons Level 2  
  112  6:38  Zergling x8  
  112  6:39  Evolution Chamber  
  113  6:41  Infestation Pit  
  113  6:42  Overlord  
  113  6:43  Drone x2  
  113  6:45  Pneumatized Carapace, Extractor  
  112  6:51  Zergling x2  
  113  6:55  Drone x6  
  113  6:59  Zergling x2  
  113  7:00  Zergling x4, Centrifugal Hooks  
  122  7:05  Zergling x12  
  122  7:07  Overlord  
  128  7:08  Zergling x2  
  128  7:09  Zergling x4  
  128  7:12  Zerg Ground Armor Level 1, Overlord  
  128  7:15  Zergling x2  
  131  7:17  Hive  
  131  7:18  Drone  
  131  7:19  Drone  
  131  7:20  Drone  
  131  7:21  Drone, Extractor  
  134  7:24  Extractor  
  134  7:29  Zergling x16  
  141  7:30  Overlord x2  
  141  7:36  Drone x6  
  147  7:42  Zergling x10  
  152  7:48  Drone x2  
  154  7:52  Baneling x6  
  154  7:57  Zergling x22  
  164  8:03  Drone x2  
  164  8:05  Zergling x16  
  171  8:12  Baneling x7  
  171  8:14  Overlord x3  
  171  8:26  Hatchery  
  169  8:30  Adrenal Glands  
  169  8:32  Ultralisk Cavern  
  167  8:35  Spore Crawler  
  167  8:36  Spore Crawler x2  
  167  8:41  Drone x3  
  165  8:43  Extractor x2  
  163  8:48  Zergling x2  
  163  8:49  Zergling x10  
  163  8:55  Overlord  
  169  9:00  Drone x2  
  170  9:11  Zerg Melee Weapons Level 3, Zerg Ground Armor Level 2  
  170  9:12  Overlord  
  170  9:13  Drone x2  
  170  9:14  Drone  
  170  9:15  Drone x2  
  175  9:19  Hatchery  
  175  9:22  Chitinous Plating  
  175  9:23  Ultralisk  
  180  9:28  Ultralisk  
  180  9:29  Zergling x20  
  196  9:34  Baneling x5  
  196  9:35  Baneling  
  196  9:36  Baneling  
  196  9:44  Baneling x4  
  196  9:45  Baneling  
  196  9:48  Zergling x10  
  196  9:50  Baneling x4  
  198  10:04  Zergling x22  
  198  10:20  Zergling x38  
  185  10:24  Zergling x18  
  185  10:27  Baneling x6  
  180  10:30  Zergling x6  
  180  10:38  Zergling x16  
  180  10:41  Anabolic Synthesis  
  159  10:45  Zergling x10  
  159  10:47  Zergling x2, Drone  
  132  10:51  Zergling x12  
  120  11:04  Zergling x18  
  120  11:11  Drone x2  
  122  11:13  Drone  
  122  11:18  Drone x5  
  128  11:25  Ultralisk  
  132  11:30  Baneling x9  
  132  11:31  Drone  
  133  11:40  Zergling x8  
  133  11:44  Baneling x4  
  133  11:46  Ultralisk  
  143  11:56  Ultralisk  
  147  12:03  Ultralisk  
  147  12:04  Zerg Ground Armor Level 3  
  150  12:14  Overlord x3  
  148  12:15  Baneling  
  148  12:16  Baneling x13  
  148  12:17  Baneling x2  
  148  12:21  Zergling x8  
  152  12:33  Ultralisk x2  
  153  12:45  Ultralisk x2  
  153  12:48  Zergling x2, Drone  
  153  12:49  Zergling x10  
  167  12:57  Zergling x2, Drone, Hatchery  
  168  12:58  Zergling x6  
  168  13:03  Zergling x6  
  171  13:07  Zergling x2, Drone  
  171  13:09  Zergling x2  
  171  13:10  Zergling x12  
  174  13:13  Zergling x2  
  175  13:23  Zergling x6  
  175  13:25  Zergling x14  
  179  13:31  Zergling x2  
  179  13:32  Zergling x4  
  171  13:41  Zergling x8  
  175  13:49  Zergling x4  
  172  13:59  Zergling x6  
  174  14:06  Zergling x6  
  177  14:15  Zergling x2, Ultralisk x3  
  196  14:20  Hatchery  
  196  14:21  Zergling x4  
  196  14:23  Pathogen Glands  
  190  14:31  Hatchery  
  179  15:01  Baneling x15  
  179  15:02  Baneling x21  
  179  15:08  Zergling x6  
  179  15:10  Baneling x2  
  144  15:24  Drone  
Show
View Real Time Build Order
Export as new Build Order

Classic Protoss - Winner!

Build Orders: 1 Gate Expand, Oracle Opening 

Get SALT Encoding   

  12  0:00  Probe  
  13  0:12  Probe  
  14  0:17  Pylon  
  14  0:24  Probe (Chrono Boost)  
  15  0:36  Probe (Chrono Boost)  
  15  0:38  Gateway  
  16  0:45  Probe (Chrono Boost)  
  16  0:46  Assimilator  
  17  0:51  Probe  
  18  1:03  Probe  
  19  1:15  Probe  
  20  1:25  Nexus  
  20  1:28  Probe  
  21  1:38  Cybernetics Core  
  21  1:41  Probe  
  21  1:46  Assimilator  
  22  1:53  Pylon  
  22  1:56  Probe  
  23  2:11  Probe  
  23  2:12  Adept (Chrono Boost)  
  26  2:16  Stargate  
  26  2:24  Probe  
  26  2:25  Warp Gate  
  27  2:34  Stalker  
  27  2:36  Probe (Chrono Boost)  
  30  2:38  Probe (Chrono Boost)  
  31  2:46  Probe (Chrono Boost)  
  31  2:47  Probe (Chrono Boost)  
  33  2:51  Probe (Chrono Boost)  
  33  2:52  Probe (Chrono Boost)  
  35  3:00  Oracle (Chrono Boost)  
  35  3:02  Probe  
  35  3:04  Probe  
  40  3:09  Pylon  
  40  3:15  Probe  
  40  3:16  Probe  
  42  3:20  Gateway  
  42  3:27  Oracle (Chrono Boost), Probe  
  43  3:28  Probe  
  47  3:39  Probe  
  47  3:40  Probe  
  49  3:49  Nexus  
  49  3:51  Pylon  
  49  3:57  Assimilator  
  49  3:59  Probe x2  
  49  4:01  Assimilator  
  51  4:09  Twilight Council  
  51  4:10  Forge  
  51  4:12  Probe x2  
  54  4:24  Probe x2  
  55  4:35  Pylon  
  55  4:36  Probe x2  
  57  4:39  Adept  
  57  4:40  Adept, Gateway x2  
  61  4:47  Protoss Ground Weapons Level 1 (Chrono Boost)  
  61  4:48  Probe (Chrono Boost)  
  61  4:51  Blink  
  62  4:53  Probe (Chrono Boost)  
  64  5:00  Probe (Chrono Boost)  
  64  5:04  Probe x2 (Chrono Boost)  
  66  5:09  Probe (Chrono Boost)  
  66  5:11  Probe (Chrono Boost)  
  66  5:12  Probe (Chrono Boost)  
  66  5:13  Stalker x2  
  73  5:16  Probe x2 (Chrono Boost)  
  73  5:18  Pylon  
  73  5:19  Probe  
  76  5:26  Photon Cannon  
  76  5:30  Probe x2  
  76  5:31  Probe  
  79  5:37  Nexus  
  79  5:39  Pylon  
  78  5:47  Stalker x4  
  86  5:50  Probe x2  
  86  5:51  Probe  
  86  5:54  Pylon  
  89  6:00  Gateway  
  89  6:01  Gateway  
  89  6:11  Stalker x4  
  93  6:13  Probe x2  
  93  6:14  Probe  
  93  6:18  Photon Cannon  
  100  6:21  Pylon  
  100  6:27  Gateway  
  100  6:28  Gateway  
  100  6:30  Probe x3  
  103  6:39  Stalker x3  
  109  6:40  Stalker  
  109  6:43  Probe, Protoss Ground Weapons Level 2 (Chrono Boost)  
  109  6:44  Probe  
  109  6:45  Probe  
  114  6:52  Charge  
  114  6:54  Templar Archives  
  114  7:01  Probe x4  
  117  7:03  Assimilator, Pylon  
  117  7:04  Assimilator  
  118  7:08  Shield Battery  
  118  7:10  Assimilator  
  118  7:14  Assimilator  
  118  7:15  Probe x4  
  119  7:19  Psionic Storm  
  119  7:21  Zealot x6  
  133  7:25  Pylon  
  133  7:34  Nexus  
  133  7:35  Probe x3  
  133  7:36  Pylon  
  136  7:37  Probe  
  136  7:44  Pylon  
  137  7:46  Pylon  
  137  7:47  Photon Cannon  
  137  7:49  High Templar  
  137  7:50  High Templar x4  
  147  7:55  Shield Battery  
  147  7:57  Photon Cannon, High Templar  
  149  8:01  Stalker x2  
  149  8:04  Photon Cannon  
  153  8:07  Photon Cannon  
  153  8:11  Photon Cannon  
  153  8:19  Probe x4  
  157  8:24  Stalker x2  
  161  8:28  Pylon  
  161  8:37  High Templar x2  
  161  8:38  Stalker x3  
  171  8:41  Archon  
  171  8:45  Pylon  
  171  8:46  Forge  
  171  8:47  Pylon  
  171  8:49  Pylon  
  171  8:52  Assimilator  
  171  8:57  High Templar x2  
  171  8:58  Assimilator, Stalker  
  171  9:01  Photon Cannon  
  177  9:03  Archon, Photon Cannon  
  177  9:07  Gateway, High Templar x2  
  177  9:09  Gateway  
  181  9:12  Archon  
  181  9:23  Robotics Facility  
  181  9:25  Robotics Facility, Stalker x4  
  189  9:33  Protoss Ground Weapons Level 3 (Chrono Boost)  
  189  9:39  Stalker x4  
  197  9:53  Nexus  
  197  9:54  Pylon  
  169  10:07  Stalker x6  
  169  10:08  Stalker x2  
  169  10:11  Stalker x2  
  178  10:31  Zealot x8  
  186  10:38  Zealot x2  
  150  10:54  Zealot x4  
  150  10:55  Zealot x4  
  160  10:57  Probe x4  
  149  11:09  High Templar x2  
  119  11:12  Robotics Facility  
  119  11:15  High Templar x2  
  119  11:16  Robotics Facility  
  119  11:17  High Templar x4  
  131  11:18  High Templar x2  
  131  11:21  Probe x2  
  131  11:22  Probe x3  
  131  11:23  Archon x3  
  140  11:29  Photon Cannon  
  140  11:31  Shield Battery  
  140  11:34  Phoenix (Chrono Boost)  
  142  11:46  Photon Cannon  
  142  11:48  Zealot x3, Photon Cannon  
  142  11:49  Zealot  
  142  11:50  Zealot x3, Photon Cannon  
  142  11:51  Stalker x3  
  142  11:52  Photon Cannon  
  162  11:54  Photon Cannon  
  162  11:55  Photon Cannon  
  162  11:57  Shield Battery, Photon Cannon  
  162  12:00  Photon Cannon  
  162  12:02  Immortal (Chrono Boost)  
  162  12:07  Immortal (Chrono Boost)  
  167  12:21  High Templar  
  167  12:22  High Templar  
  171  12:27  High Templar x2  
  171  12:28  High Templar x3  
  171  12:29  High Templar  
  183  12:32  Archon  
  183  12:33  Archon, Immortal (Chrono Boost)  
  183  12:35  Archon  
  183  12:37  Immortal (Chrono Boost)  
  191  12:49  Probe x5  
  182  12:53  Pylon  
  182  12:55  High Templar  
  182  12:56  High Templar  
  186  13:01  Archon  
  186  13:02  Probe  
  186  13:03  Observer (Chrono Boost), Probe x4, Pylon  
  186  13:06  Immortal (Chrono Boost)  
  186  13:11  Stalker x2  
  192  13:28  Immortal (Chrono Boost)  
  186  13:35  Immortal (Chrono Boost)  
  190  13:59  Immortal (Chrono Boost)  
  192  14:04  Immortal (Chrono Boost)  
  178  14:13  High Templar x4  
  178  14:14  High Templar  
  178  14:15  Stalker x4, High Templar  
  198  14:17  Archon  
  198  14:18  Archon  
  198  14:20  Archon  
  187  14:29  Warp Prism  
  189  14:34  Pylon  
  189  14:48  Zealot  
  189  14:52  Immortal  
  191  14:59  Zealot x2  
  195  15:01  Pylon  
  195  15:02  Pylon  
Tags
 
Add a new tag
Caveats
  • Supply blocks, unpowered buildings, or Contaminate may cause inaccurate times.
  • Supply counts are checked every 10 seconds.